AoeStats
← Hopeless

Arena

509628653Analyzed
3v3 RM · 4d ago on Sep 27, 2026· 68m 9s· 6 players
Game mode
Random Map
Map size
Normal (6 player)
Population
200
Speed
Normal
Resources
Standard
Victory
Conquest
Starting age
Dark Age
Ending age
Imperial Age
RankedLock teamsTeams togetherTeam positionsShared explorationLock speedFull tech treeHidden civsTurbo modeCheats
Victory
Defeat
🇩🇪 Chinese · Germany
1017
+14
🇹🇼 Bohemians · Taiwan
998
+15
🇨🇳 Danes · China
920
+18
🇰🇷 Berbers · South Korea
982
-16
🇰🇷 Slavs · South Korea
982
-16
🇰🇷 Ethiopians · South Korea
965
-15
Xi Jinping
10:19 Feudal Age
14:55 Castle Age
12:46 Double-Bit Axe
12:53 Horse Collar
18:41 Bow Saw
19:38 Wheelbarrow
18:50 Man-at-Arms
19:32 Squires
21:19 Hand Cart
21:06 Long Swordsman
21:59 Gold Mining
23:05 Forging
22:57 Scale Mail Armor
24:52 Loom
25:47 Iron Casting
25:28 Chain Mail Armor
33:20 Imperial Age
31:52 Scale Barding Armor
32:50 Stone Mining
33:36 Husbandry
33:47 Bloodlines
33:26 Capped Ram
33:31 Two-Handed Swordsman
35:17 Blast Furnace
34:48 Plate Mail Armor
34:26 Town Watch
35:12 Siege Engineers
36:13 Conscription
35:56 Detinets
35:52 Cavalier
37:26 Chain Barding Armor
37:30 Caravan
37:09 Light Cavalry
39:33 Siege Ram
41:22 Gold Shaft Mining
44:45 Two-Man Saw
43:47 Heavy Plow
48:44 Elite Boyar
62:00 Elite Genitour
tarfire
10:37 Feudal Age
8:53 Loom
8:59 Loom
11:32 Double-Bit Axe
11:29 Horse Collar
16:02 Gold Mining
18:34 Castle Age
17:22 Bloodlines
19:49 Bow Saw
19:40 Fletching
19:55 Heavy Plow
20:15 Stone Mining
21:57 Heavy Plow
23:04 Husbandry
26:27 Gold Shaft Mining
26:35 Wheelbarrow
25:46 Town Watch
26:30 Ballistics
26:37 Bodkin Arrow
27:34 Kasbah
29:53 Stone Shaft Mining
32:19 Imperial Age
30:32 Hand Cart
31:24 Scale Barding Armor
31:30 Forging
31:21 Padded Archer Armor
31:40 Thumb Ring
31:02 Light Cavalry
33:36 Crop Rotation
33:35 Conscription
32:43 Heavy Camel Rider
35:18 Chemistry
34:21 Bracer
34:46 Elite Genitour
36:55 Leather Archer Armor
40:54 Maghrebi Camels
41:40 Elite Camel Archer
43:21 Hussar
44:48 Siege Engineers
44:39 Murder Holes
44:26 Treadmill Crane
45:24 Ring Archer Armor
44:58 Scale Mail Armor
45:21 Chain Barding Armor
51:17 Iron Casting
51:18 Plate Barding Armor
55:13 Blast Furnace
54:44 Ring Archer Armor
54:38 Caravan
63:03 Hoardings
62:53 Scale Mail Armor
asia.at[mad]
10:15 Feudal Age
15:21 Castle Age
13:22 Double-Bit Axe
13:34 Horse Collar
15:05 Loom
15:18 Gold Mining
18:08 Wheelbarrow
17:18 Town Watch
21:57 Bow Saw
22:06 Stone Mining
23:25 Heavy Plow
24:37 Crossbowman
25:22 Thumb Ring
27:51 Ballistics
28:12 Hand Cart
27:55 Fletching
28:05 Padded Archer Armor
28:07 Scale Mail Armor
29:33 Bodkin Arrow
34:48 Imperial Age
36:10 Arbalester
36:17 Halberdier
36:58 Squires
37:25 Capped Ram
40:51 Conscription
39:52 Elite Shotel Warrior
40:40 Torsion Engines
42:58 Man-at-Arms
43:54 Long Swordsman
45:23 Stone Shaft Mining
44:53 Two-Handed Swordsman
45:53 Bracer
46:08 Leather Archer Armor
47:42 Forging
49:01 Conscription
54:58 Caravan
60:40 Elite Genitour
63:20 Leather Archer Armor
63:21 Chain Mail Armor
65:49 Chemistry
Schrobson77
11:06 Feudal Age
15:18 Castle Age
13:09 Double-Bit Axe
13:41 Stone Mining
15:26 Gold Mining
17:39 Wheelbarrow
19:19 Loom
22:30 Bow Saw
28:51 Imperial Age
27:19 Hand Cart
30:06 Padded Archer Armor
31:27 Elite Fire Lancer
33:12 Rocketry
32:44 Town Watch
33:51 Gold Shaft Mining
33:12 Fletching
33:38 Leather Archer Armor
33:32 Horse Collar
36:03 Heavy Scorpion
38:39 Elite Chu Ko Nu
41:36 Thumb Ring
40:52 Elite Skirmisher
43:25 Two-Man Saw
42:46 Heavy Plow
42:48 Pikeman
43:28 Squires
43:30 Bodkin Arrow
43:36 Scale Mail Armor
43:47 Forging
44:41 Caravan
44:44 Halberdier
47:38 Chain Mail Armor
49:36 Plate Mail Armor
49:42 Iron Casting
53:16 Blast Furnace
52:17 Bracer
52:47 Ring Archer Armor
55:01 Conscription
55:17 Ballistics
55:58 Chemistry
54:53 Heated Shot
55:14 Masonry
55:16 Fortified Wall
55:02 Murder Holes
54:59 Guard Tower
55:05 Heated Shot
56:16 Chemistry
55:27 Fortified Wall
55:13 Murder Holes
55:29 Masonry
68:41 Bombard Tower
68:52 Architecture
69:00 Keep
69:01 Architecture
68:52 Bombard Tower
68:18 Arrowslits
Hopeless
6:07 Loom
11:28 Feudal Age
15:38 Castle Age
13:57 Double-Bit Axe
17:04 Wheelbarrow
17:06 Bow Saw
17:19 Horse Collar
20:29 Town Watch
27:10 Imperial Age
25:05 Hand Cart
26:29 Chemistry
25:57 Forging
25:48 Scale Mail Armor
26:54 Wagenburg Tactics
26:44 Pikeman
28:35 Ballistics
29:20 Halberdier
30:02 Squires
30:49 Heavy Plow
32:54 Two-Man Saw
31:59 Padded Archer Armor
32:36 Iron Casting
32:12 Elite Skirmisher
33:18 Fortified Wall
34:20 Leather Archer Armor
34:07 Scale Mail Armor
37:47 Ring Archer Armor
38:17 Blast Furnace
37:32 Chain Mail Armor
37:10 Fletching
40:08 Houfnice
41:43 Plate Mail Armor
42:58 Arson
43:53 Siege Engineers
47:48 Conscription
47:35 Hussite Reforms
49:12 Bodkin Arrow
49:49 Coinage
49:30 Guilds
54:11 Fervor
54:10 Caravan
59:36 Devotion
59:59 Redemption
61:10 Bracer
62:30 Murder Holes
62:45 Masonry
64:39 Banking
大表哥
10:19 Feudal Age
16:25 Castle Age
14:37 Double-Bit Axe
15:42 Horse Collar
18:00 Squires
18:15 Forging
17:56 Loom
24:29 Wheelbarrow
24:27 Heavy Plow
24:40 Bow Saw
25:17 Town Watch
26:39 Town Patrol
28:27 Iron Casting
27:53 Scale Mail Armor
29:55 Hand Cart
32:51 Hamask
34:50 Masonry
34:40 Gold Mining
34:40 Stone Mining
34:49 Arson
38:31 Imperial Age
37:27 Chain Mail Armor
37:04 Fletching
37:27 Gambesons
37:02 Man-at-Arms
38:20 Elite Skirmisher
39:06 Thumb Ring
39:16 Elite Varangian Guard
45:31 Capped Ram
47:19 Hoardings
47:45 Ballistics
48:26 Chemistry
47:23 Murder Holes
51:51 Long Swordsman
54:02 Two-Handed Swordsman
55:27 Pikeman
56:54 Northmen's Fury
60:53 Heavy Scorpion
61:13 Halberdier
63:45 Siege Ram
67:33 Champion
Connection lost

Rejoining the realm…

Still unreachable

The connection could not be restored.

Session expired

The server has moved on; the page needs a fresh start.